Unix NetHack Version 5.0.0-0 post-release - last build Jun 10 2026 00:39:30 (3ee93aec679c4c4259841fe613dc97188e26a321,branch:main).

Game began 2026-07-05 20:43:42, ended 2026-07-06 00:04:44.

IanCurtis, chaotic male elven Wizard

                                                               |.
                                                               ...`
                                                               -...
                                                               ...^..
                                                                ..)*W---
                                                                .)%.@))|
                                                                --.--..|
                                                                    ----

IanCurtis the Conjurer    St:12 Dx:13 Co:16 In:17 Wi:8 Ch:11  Chaotic
Dlvl:11 $:115 HP:0(29) Pw:3(56) AC:5  Xp:5 T:4714 

Latest messages:
 In what direction? k
 The spell misses the barrow wight.
 The barrow wight swings his long sword.
 The barrow wight hits!
 Goodbye level 7.
 The barrow wight points at you, then curses.
 The barrow wight hits!
 The barrow wight touches you!
 You avoid harm.
 What do you want to put on? [eQT or ?*] ?
 Which ring-finger, Right or Left? [rl] r
 T - an uncursed ring of regeneration (on right hand).
 The barrow wight swings his long sword.
 The barrow wight hits!
 Goodbye level 6.
 The barrow wight points at you, then curses.
 The barrow wight misses!
 The barrow wight touches you!
 You avoid harm.
 You hit the barrow wight!
 The barrow wight swings his long sword.
 The barrow wight hits!
 The barrow wight points all around, then curses.
 The barrow wight hits!
 The barrow wight misses!
 In what direction? .
 You feel better.
 The barrow wight swings his long sword.
 The barrow wight hits!
 The barrow wight points at you, then curses.
 The barrow wight hits!
 The barrow wight touches you!
 You're covered in frost!
 You hit the barrow wight!
 The barrow wight swings his long sword.
 The barrow wight hits!
 You avoid harm.
 The barrow wight points at you, then curses.
 The barrow wight hits!
 The barrow wight misses!
 You don't have enough energy to cast that spell.
 Are you waiting to get hit?  Use 'm' prefix to force a no-op (to rest).
 You miss the barrow wight.
 The barrow wight swings his long sword.
 The barrow wight hits!
 The barrow wight casts a spell!
 The barrow wight looks better.
 The barrow wight hits!
 You die...
 Do you want your possessions identified? [ynq] (y) q

Inventory:
 Coins    ('$')
  $ - 115 gold pieces
 Weapons  (')')
  R - 12 +0 arrows
  O - 3 +0 daggers
  a - a blessed +1 quarterstaff (weapon in hands)
 Armor    ('[')
  H - an uncursed +3 orcish helm (being worn)
  b - an uncursed +0 cloak of magic resistance (being worn)
 Comestibles  ('%')
  A - 3 uncursed food rations
 Scrolls  ('?')
  x - an uncursed scroll of create monster
  r - an uncursed scroll of enchant armor
  j - 4 uncursed scrolls of identify
  C - an uncursed scroll of scare monster
  v - an uncursed scroll of stinking cloud
  P - an uncursed scroll of teleportation
 Spellbooks  ('+')
  M - a cursed spellbook of extra healing
 Potions  ('!')
  y - an uncursed potion of gain ability
  h - 3 uncursed potions of healing
  N - a cursed potion of levitation
  t - an uncursed potion of object detection
  g - an uncursed potion of restore ability
  f - an uncursed potion of see invisible
 Rings    ('=')
  Q - an uncursed ring of poison resistance
  T - an uncursed ring of regeneration (on right hand)
  e - an uncursed ring of shock resistance
 Wands    ('/')
  F - a wand of cancellation (0:4)
  U - a wand of create monster (0:10)
  S - a wand of opening (0:7)
  c - a wand of striking (0:4)
 Tools    ('(')
  n - an uncursed leather drum
  K - a magic marker (0:59)
  m - a magic marker (0:19)
  L - an uncursed oil lamp
  d - a +0 pick-axe

IanCurtis the Wizard's attributes:

Background:
 You were a Conjurer, a level 5 male elven Wizard.
 You were chaotic, on a mission for Anhur
 who was opposed by Ptah (lawful) and Thoth (neutral).
 You were right-handed.
 You were in the Gnomish Mines, on level 11.
 You entered the dungeon 4714 turns ago.
 It was the midnight hour.
 You had 319 experience points, 1 more was needed to attain level 6.

Basics:
 You had 0 out of 29 hit points.
 You had 3 out of 56 energy points (spell power).
 Your armor class was 5.
 Your wallet contained 115 zorkmids.
 Autopickup was off.

Final Characteristics:
 Your strength was 12 (limit:18).
 Your dexterity was 13 (limit:18).
 Your constitution was 16 (limit:16).
 Your intelligence was 17 (limit:20).
 Your wisdom was 8 (limit:20).
 Your charisma was 11 (limit:18).

Final Status:
 You weren't hungry.
 You were unencumbered.
 You were wielding a quarterstaff.
 You were skilled in quarterstaff.

Final Attributes:
 You were piously aligned.
 You were magic-protected.
 You were sleep resistant.
 You had infravision.
 You regenerated.
 You were warded.
 You were lucky.
 You are dead.

Miscellaneous:
 You encountered 1 bones level.
 Total elapsed playing time was 29 minutes and 39 seconds.

Major events:
 Turn
    1: IanCurtis the chaotic male elven Wizard entered the dungeon
 1001: attained the rank of Conjurer (level 3)
 1345: entered the Gnomish Mines
 2543: reached Mine Town
 2695: attained the rank of Thaumaturge (level 6)
 4714: killed by a barrow wight

Spells:
 Name                 Level Category     Fail Retention
 force bolt             1   attack         0%   76%-80%
 haste self             3   escape        94%  76%-100%
 healing                1   healing        0%  76%-100%
 wizard lock            2   matter        64%  76%-100%
 detect food            2   divination    64%  76%-100%

Skills:
 Fighting Skills
   bare handed combat [Unskilled]
   riding             [Unskilled]
 Weapon Skills
   dagger             [Unskilled]
   knife              [Unskilled]
   axe                [Unskilled]
   short sword        [Unskilled]
   club               [Unskilled]
   mace               [Unskilled]
   quarterstaff       [Skilled]
   polearms           [Unskilled]
   spear              [Unskilled]
   trident            [Unskilled]
   sling              [Unskilled]
   dart               [Unskilled]
   shuriken           [Unskilled]
 Spellcasting Skills
   attack spells      [Skilled]
   healing spells     [Unskilled]
   divination spells  [Unskilled]
   enchantment spells [Basic]
   clerical spells    [Unskilled]
   escape spells      [Unskilled]
   matter spells      [Unskilled]

Voluntary challenges:
 Character rerolling was not enabled.
 You never genocided any monsters.
 You never polymorphed an object.
 You never changed form.
 You used no wishes.
Achievements:
 You entered a shop.
 You attained the rank of Conjurer.
 You entered the Gnomish Mines.
 You entered Minetown.
 You entered a temple.
 You attained the rank of Thaumaturge.

 The Dungeons of Doom: levels 1 to 5
    Level 1:
       A grave.
    Level 2:
       A sink.
    Level 3: "vault"
       A scroll shop, a fountain.
    Level 4:
       Stairs down to The Gnomish Mines.
    Level 5:
 The Gnomish Mines: levels 5 to 11
    Level 5:
    Level 8:
       Many shops, a temple and an altar to Anhur, some fountains, a grave.
       Final resting place for
          MShauna26-Mon-Hum-Fem-Neu, killed by a watch captain.
    Level 9:
    Level 11: <- You were here.
       Final resting place for
          you, killed by a barrow wight.


Vanquished creatures:
  4 wolves
  a spotted jelly
  a giant spider
  a horse
  a dog
  a blue jelly
  a dust vortex
  a snake
  a wood nymph
  a rock mole
  a yellow light
  a shrieker
  a violet fungus
  4 gnome leaders
  a gnomish wizard
  a ghoul
  a straw golem
  2 giant ants
  2 kittens
  3 dwarves
  7 hill orcs
  a rothe
  a werejackal
  2 iguanas
 an acid blob
  a large kobold
  2 hobgoblins
  a giant rat
  a yellow mold
  a red mold
 20 gnomes
  3 geckos
 11 jackals
  2 foxes
  a kobold
  a goblin
  a sewer rat
  2 grid bugs
  5 lichens
  a kobold zombie
  8 newts
103 creatures vanquished.

No species were genocided or became extinct.

Game over:
                       ----------
                      /          \
                     /    REST    \
                    /      IN      \
                   /     PEACE      \
                  /                  \
                  |    IanCurtis     |
                  |      115 Au      |
                  |   killed by a    |
                  |   barrow wight   |
                  |                  |
                  |                  |
                  |       2026       |
                 *|     *  *  *      | *
        _________)/\\_//(\/(/\)/\//\/|_)_______

Goodbye IanCurtis the Wizard...

You died in The Gnomish Mines on dungeon level 11 with 4356 points,
and 115 pieces of gold, after 4714 moves.
You were level 5 with a maximum of 29 hit points when you died.

